Match 28681701
Unlisted

Match 28681701
End
Royal Engineer Section
Selects Heavy Armor Battlegroup
Construct Section Command Post
Vickers Machine Gun Team
Infantry Section
Infantry Section
Construct Platoon Command Post
6-pounder Anti-tank Gun Team
6-pounder Anti-tank Gun Team
Unlock M3 Stuart Light Tanks
M3 Stuart Light Tank
Selects Engineer Detachments
Selects Crusader AA Medium Tank
Crusader AA Medium Tank
6-pounder Anti-tank Gun Team
Vickers Machine Gun Team
Crusader AA Medium Tank
6-pounder Anti-tank Gun Team
Royal Engineer Section
Selects Light Vehicle Withdraw and Refit
Selects Radio Net
Construct Company Command Post
Foot Guards Section
Selects Recon Artillery
Recon Artillery
Hayesy
乌拉
Ruby
HulkSMASH
0
0

Comments sign in to comment!

No comments posted yet!